 Dungeon Crawl Stone Soup version 0.29-a0-757-g358383bc75 (webtiles) character file.

Game seed: 16385586608850454485

180 DuloT34 the Sneak (level 5, -2/27 HPs)
             Began as a Vine Stalker Brigand on June 30, 2022.
             Slain by Sigmund
             ... wielding a +2 vorpal scythe
              (3 damage)
             ... on level 4 of the Dungeon.
             The game lasted 00:05:01 (3109 turns).

DuloT34 the Sneak (Vine Stalker Brigand)            Turns: 3109, Time: 00:05:02

Health: -2/27      AC:  9    Str: 16    XL:     5   Next: 60%
Magic:  0/10       EV:  7    Int: 11    God:
Gold:   182        SH:  0    Dex: 15    Spells: 9/10 levels left

rFire   . . .      SeeInvis .   a - +2 dagger
rCold   . . .      Faith    .   (no shield)
rNeg    . . .      Spirit   +   w - +0 chain mail
rPois   .          Reflect  .   (no helmet)
rElec   .          Harm     .   c - +0 cloak
rCorr   .          Rampage  .   (no gloves)
Will    .....                   (no boots)
Stlth   ..........              (no amulet)
HPRegen 0.89/turn               (no ring)
MPRegen 0.12/turn               (no ring)

@: mighty, brilliant, lethally poisoned (-2 -> -3)
A: fangs 2, regeneration 1, magic shield, antimagic bite, no potion heal 2
a: no special abilities


You were on level 4 of the Dungeon.
You visited 1 branch of the dungeon, and saw 4 of its levels.

You collected 182 gold pieces.

Inventory:

Hand Weapons
 a - a +2 dagger (weapon)
Missiles
 d - 9 poisoned darts (quivered)
 e - 3 curare-tipped darts
Armour
 b - a +0 robe
 c - a +0 cloak (worn)
 w - a +0 chain mail (worn)
Scrolls
 f - 2 scrolls of vulnerability {unknown}
 j - 6 scrolls of identify {unknown}
 k - a scroll of fear
 l - 2 scrolls of amnesia {unknown}
 m - 6 scrolls of teleportation {unknown}
 o - 2 scrolls of noise {unknown}
 p - 2 scrolls of blinking {unknown}
 u - a scroll of enchant weapon {unknown}
Potions
 g - 2 potions of brilliance
 h - 2 potions of might
 i - 2 potions of mutation {unknown}
 n - a potion of magic {unknown}
 q - 2 potions of lignification {unknown}
 r - a potion of flight {unknown}
 s - a potion of heal wounds
 t - a potion of cancellation {unknown}
 v - a potion of degeneration {unknown}
 x - 3 potions of curing {unknown}


   Skills:
 - Level 2.7 Fighting
 - Level 2.7 Short Blades
 - Level 1.7 Throwing
 + Level 0.0 Armour
 - Level 2.0 Dodging
 - Level 4.8 Stealth
 + Level 3.1 Spellcasting


You had 9 spell levels left.
You knew the following spells:

 Your Spells              Type           Power      Damage    Failure   Level
a - Beastly Appendage     Tmut           4%         N/A       99%         1

Your spell library contained the following spells:

 Spells                   Type           Power      Damage    Failure   Level
 Sting                    Tmut/Pois      8%         1d3       99%         1
 Blink                    Tloc           4%         N/A       100%        2
 Poisonous Vapours        Pois/Air       4%         N/A       100%        2
 Wereblood                Tmut           2%         N/A       100%        2
 Dazzling Flash           Conj/Hex       4%         N/A       100%        3
 Spider Form              Tmut/Pois      2%         N/A       100%        3
 Anguish                  Hex/Necr       1%         N/A       100%        4
 Iskenderun's Mystic Bla  Conj/Tloc      2%         2d3       100%        4
 Olgreb's Toxic Radiance  Pois           2%         N/A       100%        4
 Starburst                Conj/Fire      1%         6d3       100%        6
 Enfeeble                 Hex            1%         N/A       100%        7


Dungeon Overview and Level Annotations

Branches:
Dungeon (4/15)
 Temple: D:4-7

Altars:

Annotations:
D:4 Sigmund


Innate Abilities, Weirdness & Mutations

You have extremely sharp teeth.
Your natural rate of healing is unusually fast.
When hurt, damage is shared between your health and your magic reserves.
Your bite disrupts and absorbs the magic of your enemies.
Potions cannot restore your health.


Message History

You feel very sick. The scorpion completely misses you.
Sigmund falters for a moment.
You hit Sigmund.
Sigmund is lightly wounded.
* * * LOW HITPOINT WARNING * * *
You feel very sick.
The scorpion stings you but does no damage.
Sigmund falters for a moment.
Unknown command.
It was a potion of might.
You feel very mighty all of a sudden.
* * * LOW HITPOINT WARNING * * *
You feel sick.
The scorpion stings you but does no damage.
Sigmund hits you but does no damage.
It was a potion of brilliance.
You feel clever all of a sudden.
* * * LOW HITPOINT WARNING * * *
You feel sick.
The scorpion stings you but does no damage.
The scorpion stings you.
Your magical contamination has completely faded away.
You puncture Sigmund!
Sigmund is heavily wounded.
You feel sick.
Sigmund hits you with a +2 vorpal scythe.
* * * LOW HITPOINT WARNING * * *
The scorpion stings you.
You hit Sigmund.
Sigmund is severely wounded.
* * * LOW HITPOINT WARNING * * *
You feel sick. The scorpion barely misses you.
Unknown command.
You hit Sigmund. You bite Sigmund.
Sigmund's magic leaks into the air.
You drain his magic.
You feel invigorated.
Sigmund is almost dead.
* * * LOW HITPOINT WARNING * * *
You feel sick.
Sigmund hits you with a +2 vorpal scythe!
You die...

######
#..@.#
#..s@#
........#
.$##.....
.....##.
###... ..
###. ..
#. ### #.


You could see Sigmund (magic disrupted) and a scorpion.

Vanquished Creatures
  A scorpion (D:3)
  Jessica (D:2)
  An adder (D:2)
  2 worms (D:3)
  4 dart slugs
  An orc (D:2)
  13 ball pythons
  4 endoplasms
  4 giant cockroaches
  9 hobgoblins
  6 jackals
  4 quokkas
  A bat (D:2)
  5 frilled lizards
  6 goblins
  4 kobolds
  3 rats (D:2)
69 creatures vanquished.

Notes
Turn   | Place    | Note
-------+----------+-------------------------------------------
     0 | D:1      | DuloT34 the Vine Stalker Brigand began the quest for the
                  | Orb.
     0 | D:1      | Reached XP level 1. HP: 11/11 MP: 2/2
   177 | D:1      | Reached skill level 1 in Dodging
   184 | D:1      | Reached XP level 2. HP: 12/15 MP: 0/3
   561 | D:1      | Learned a level 1 spell: Beastly Appendage
   816 | D:1      | Reached XP level 3. HP: 13/18 MP: 4/4
  1452 | D:2      | Found a faded altar of an unknown god.
  1607 | D:2      | Noticed Jessica
  1617 | D:2      | Killed Jessica
  1618 | D:2      | Gained mutation: Your natural rate of healing is unusually
                  | fast. [Vine Stalker growth]
  1618 | D:2      | Reached XP level 4. HP: 23/23 MP: 5/5
  1621 | D:2      | Got Jessica's Disquisition on the Voyage
  1929 | D:2      | Reached skill level 1 in Spellcasting
  2386 | D:3      | Reached XP level 5. HP: 27/27 MP: 6/8
  3095 | D:4      | Noticed Sigmund
  3107 | D:4      | HP: 1/27 [Sigmund/+2 vorpal scythe (1)]
  3109 | D:4      | Slain by Sigmund

Illustrated notes

Levels and vault maps discovered:
D:1:      co_arrival_random_square_maze, layout_basic, minmay_shallow_snake_nest
D:2:      layout_loops_ring, hellmonk_ecumenical_altar_zigzags,
          kennysheep_jessica_study
D:3:      layout_basic
D:4:      layout_rooms, temple_pool_b, uniq_eustachio, uniq_menkaure,
          uniq_sigmund

Skill      XL: |  1  2  3  4  5 |
---------------+----------------+-----
Fighting       | 2 |  2.7
Short Blades   | 2 |  2.7
Dodging        | 1 2 |  2.0
Spellcasting   | 1 3 |  3.1
Throwing       | |  1.7
Stealth        | |  4.8

Action                   |  1- 3 |  4- 6 || total
-------------------------+-------+-------++-------
Melee: Dagger            |    79 |    87 ||   166
       Bite              |    19 |    19 ||    38
       Headbutt          |     2 |     4 ||     6
       Kick              |       |    11 ||    11
       Punch             |       |     2 ||     2
 Cast: Beastly Appendage |     3 |     7 ||    10
  Use: Scroll            |     1 |       ||     1
       Potion            |       |     2 ||     2
 Stab: Sleeping          |     5 |     8 ||    13
       Distracted        |       |     1 ||     1
Armor: Robe              |    14 |    17 ||    31
       Chain mail        |       |     7 ||     7
Dodge: Dodged            |    64 |    33 ||    97

Table legend: (Time is in decaauts)
 A = Elapsed time spent in this place.
 B = Non-inter-level travel time spent in this place.
 C = Inter-level travel time spent in this place.
 D = Time resting spent in this place.
 E = Time spent auto-exploring this place.
 F = Levels seen in this place.
 G = Mean time per level.
                   A        B        C        D        E       F      G
               +--------+--------+--------+--------+--------+-----+--------+
         Total |   3090 |   2920 |    170 |      0 |   2476 |   4 |  772.5 |
       Dungeon |   3090 |   2920 |    170 |      0 |   2476 |   4 |  772.5 |
               +--------+--------+--------+--------+--------+-----+--------+

Top non-repeatable levels by time:
     D:1: 1469 daAuts
     D:2: 887 daAuts
     D:3: 721 daAuts
     D:4: 12 daAuts
